 Dungeon Crawl Stone Soup version 0.18-a0-1060-g4fac74f (webtiles) character file.

791 gorblad the Ducker (level 7, -10/72 HPs)
             Began as a Troll Berserker on Jan 13, 2016.
             Was an Elder of Trog.
             Mangled by a freezing wraith (21 damage)
             ... on level 5 of the Dungeon.
             The game lasted 00:11:14 (4149 turns).

gorblad the Ducker (Troll Berserker)                Turns: 4149, Time: 00:11:14

Health: -10/72     AC: 10    Str: 28    XL:     7   Next: 57%
Magic:  6/6        EV: 11    Int:  7    God:    Trog [****..]
Gold:   241        SH:  0    Dex:  9    Spells: 0 memorised, 6 levels left

rFire  . . .     SeeInvis .       - Unarmed
rCold  . . .     Gourm    +     a - +2 animal skin
rNeg   . . .     Faith    .     (no shield)
rPois  .         Spirit   .     (helmet restricted)
rElec  .         Dismiss  .     r - +2 cloak
rCorr  .         Reflect  .     (gloves unavailable)
SustAt .         Harm     .     (boots unavailable)
MR     .....                    (no amulet)
Stlth  +.........               (no ring)
                                m - +4 ring of intelligence

@: not resistant to hostile enchantments, very unstealthy
A: unfitting armour, claws 3, fast metabolism 3, gourmand, regeneration 2,
shaggy fur 1, tough skin 2
a: Berserk, Trog's Hand, Brothers in Arms, Burn Spellbooks, Renounce Religion


You were on level 5 of the Dungeon.
You worshipped Trog.
Trog was greatly pleased with you.
You were completely stuffed.

You visited 1 branch of the dungeon, and saw 5 of its levels.
You also visited: Sewer.

You collected 241 gold pieces.

Inventory:

Armour
 a - a +2 animal skin (worn)
 r - a +2 cloak (worn)
Jewellery
 m - a +4 ring of intelligence (left claw)
Scrolls
 d - a scroll of fear
 g - a scroll of enchant armour
 h - a scroll of remove curse
 n - a scroll of amnesia {unknown}
 p - 3 scrolls of magic mapping
 u - a scroll of fog
 v - a scroll of teleportation
Potions
 c - a potion of might {unknown}
 e - a potion of cure mutation
 f - a potion of heal wounds
 k - a potion of flight
 q - a potion of agility
 s - 5 potions of curing
Miscellaneous
 t - a plain deck of changes
Comestibles
 b - 6 bread rations
 i - a meat ration
 j - a slice of pizza
 l - 2 beef jerkies
 o - 11 fruits


   Skills:
 * Level 5.1 Fighting
 * Level 5.1 Dodging
 + Level 4.7 Unarmed Combat


You had 6 spell levels left.
You didn't know any spells.

Dungeon Overview and Level Annotations

Branches:
Dungeon (5/15)
 Temple: D:4-7

Altars:
Nemelex Xobeh
Okawaru
Sif Muna
Trog
Vehumet


Innate Abilities, Weirdness & Mutations

You are too large for most types of armour.
You have claws for hands.
Your metabolism is lightning-fast.
You like to eat raw meat.
You heal very quickly.
You are covered in fur (AC +1).
You have very tough skin (AC +2).


Message History

You kill the crimson imp!
Trog accepts your kill. The hound bites you but does no damage.
You closely miss the hound. The hound barely misses you.
You scratch the freezing wraith but do no damage.
The hound bites you but does no damage. The freezing wraith hits you.
The freezing wraith freezes you!
The freezing wraith completely misses you.
The hound bites you but does no damage.
You barely miss the freezing wraith. The hound bites you but does no damage.
The freezing wraith hits you. The freezing wraith freezes you!!
The freezing wraith misses you.
You scratch the freezing wraith but do no damage.
The hound bites you but does no damage. The freezing wraith barely misses you.
The freezing wraith hits you but does no damage.
You closely miss the freezing wraith. The hound closely misses you. x2
The freezing wraith hits you!
* * * LOW HITPOINT WARNING * * *
The freezing wraith freezes you!!
You die...

##8..8##.#.#####.##
#8....8#...[## #.#
#(....:#.#.#.###.#
#"....%#...##)##.#
8....8#...###.#.#
## 8..8##.####.##.#
+.##''##.^###.###.#
#..hW......#.## #..
#.#@##.####.##
#...##... ###
#....##.#$#
...##.##...# ....#
#.###. # .... #.#
.# ... ..# .# ..
###


You could see a freezing wraith and a hound.

Vanquished Creatures
  Edmund (D:4)
  3 big kobolds (Sewer)
  A crimson imp (D:5)
  2 hounds (D:4)
  3 orc wizards (D:4)
  Crazy Yiuf (D:2)
  An orc priest (D:4)
  A worker ant (D:4)
  A statue (D:4)
  3 adders
  3 gnolls (D:4)
  2 oozes
  5 worms
  3 giant geckos
  6 orcs (D:4)
  4 ball pythons
  6 giant cockroaches
  9 goblins
  7 hobgoblins
  5 jackals
  20 kobolds
  A quokka (D:3)
  12 bats
  5 giant newts
  11 rats
116 creatures vanquished.

Notes
Turn   | Place    | Note
--------------------------------------------------------------
     0 | D:1      | gorblad the Troll Berserker began the quest for the Orb.
     0 | D:1      | Reached XP level 1. HP: 22/22 MP: 0/0
   220 | D:1      | Reached XP level 2. HP: 26/29 MP: 1/1
   781 | D:1      | Reached ** piety under Trog
  1071 | D:2      | Reached XP level 3. HP: 36/36 MP: 2/2
  1244 | D:2      | Found a deep blue altar of Sif Muna.
  1672 | D:2      | Noticed Crazy Yiuf
  1678 | D:2      | Killed Crazy Yiuf
  1678 | D:2      | Reached XP level 4. HP: 45/45 MP: 3/3
  2184 | D:3      | Found a glowing drain.
  2213 | Sewer    | Entered a sewer
  2231 | Sewer    | Noticed a big kobold
  2231 | Sewer    | Noticed a big kobold
  2236 | Sewer    | Killed a big kobold
  2236 | Sewer    | Reached XP level 5. HP: 43/54 MP: 4/4
  2245 | Sewer    | Reached skill level 4 in Fighting
  2342 | Sewer    | Reached *** piety under Trog
  2350 | Sewer    | Reached XP level 6. HP: 62/62 MP: 5/5
  2596 | D:3      | Found an iron altar of Okawaru.
  2850 | D:3      | Found a sparkling altar of Nemelex Xobeh.
  3013 | D:4      | Reached **** piety under Trog
  3235 | D:4      | Found a radiant altar of Vehumet.
  3677 | D:4      | Noticed a moth of wrath
  3677 | D:4      | Noticed Edmund
  3693 | D:4      | Killed Edmund
  3693 | D:4      | Reached XP level 7. HP: 60/71 MP: 6/6
  3703 | D:4      | Found a bloodstained altar of Trog.
  3926 | D:4      | Reached skill level 5 in Fighting
  3926 | D:4      | Reached skill level 5 in Dodging
  4061 | D:5      | Entered Level 5 of the Dungeon
  4133 | D:5      | Found a large runed door.
  4133 | D:5      | Found a large runed door.
  4141 | D:5      | Noticed a freezing wraith
  4149 | D:5      | Mangled by a freezing wraith

Vault maps used:
D:1:      lemuel_arrival_behind_the_door_large
D:2:      lemuel_blue_sif_altar, uniq_crazy_yiuf_cottage
D:3:      nemelex_deck, first_bread, portal_sewer_entry_f,
          kennysheep_okawaru_gauntlet
D:4:      tgw_trog, vehumet_statue, uniq_edmund
D:5:      minmay_hollow_rounded_squares
Sewer:    kennysheep_pipe_town

Action                   |  1- 3 |  4- 6 |  7- 9 || total
-------------------------+-------+-------+-------++-------
Melee: Unarmed           |   115 |   177 |    37 ||   329
Invok: Burn Spellbooks   |       |       |     1 ||     1
       Berserk           |       |       |     1 ||     1
  Use: Scroll            |     6 |     7 |     2 ||    15
       Potion            |       |     8 |       ||     8
  Eat: Chunk             |    21 |    19 |     5 ||    45
